 Dungeon Sprint DCSS version 0.22-a0-354-g30dfbe6 (webtiles) character file.

79 Kikal the Insei (level 4, -4/34 HPs)
             Began as a Vine Stalker Transmuter on Apr 16, 2018.
             Drowned by a water elemental (7 damage)
             ... in the Dungeon (Sprint III: "The Ten Rune Challenge").
             The game lasted 00:02:30 (140 turns).

Kikal the Insei (Vine Stalker Transmuter)            Turns: 140, Time: 00:02:32

Health: -4/34      AC:  2    Str: 18    XL:     4   Next: 37%
Magic:  0/11       EV: 19    Int: 14    God:
Gold:   0          SH:  0    Dex: 19    Spells: 1/11 levels left

rFire    . . .     SeeInvis .     - Unarmed
rCold    . . .     Gourm    .   (shield currently unavailable)
rNeg     . . .     Faith    .   (armour currently unavailable)
rPois    x         Spirit   +   (helmet currently unavailable)
rElec    .         Reflect  .   (cloak currently unavailable)
rCorr    .         Harm     .   (gloves currently unavailable)
MR       .....     NoTele   +   (boots currently unavailable)
Stlth    ..........             (no amulet)
HPRegen  0.51/turn              (no ring)
MPRegen  0.12/turn              (no ring)

@: berserking, spider-form, engulfed (cannot breathe), very quick
A: tiny, regeneration 1, magic shield, no potion heal 3, rot immunity
a: End Transformation


You were in the Dungeon.
You were not hungry.
You were a venomous arachnid creature.
You visited 1 branch

Inventory:

Missiles
 a - 12 arrows
 c - 26 stones (quivered)
Armour
 b - a +0 robe (melded)
 k - a +0 cloak (melded)
Scrolls
 j - a scroll of blinking
Potions
 e - 2 potions of curing
 f - a potion of heal wounds
 g - a potion of haste
 h - 2 potions of magic
Comestibles
 d - a ration


   Skills:
 + Level 2.1 Fighting
 - Level 1.5 Dodging
 + Level 5.2 Unarmed Combat
 + Level 4.1 Spellcasting
 + Level 4.6 Transmutations
 - Level 3.1 Poison Magic


You had one spell level left.
You knew the following spells:

 Your Spells              Type           Power        Failure   Level  Hunger
a - Beastly Appendage     Tmut           ###...       10%         1    None
b - Sticks to Snakes      Tmut           ###.....     13%         2    ##.....
c - Spider Form           Tmut/Pois      ##........   28%         3    ###....
d - Ice Form              Ice/Tmut       #.......     78%         4    ####...


Dungeon Overview and Level Annotations

Branches:
Dungeon (1/1)

Altars:


Innate Abilities, Weirdness & Mutations

((You have extremely sharp teeth.))
Your natural rate of healing is unusually fast.
When hurt, damage is shared between your health and your magic reserves.
((Your bite disrupts and absorbs the magic of your enemies.))
Potions cannot restore your health.
You are immune to rotting.


Message History

You barely miss the water elemental.
Your lungs strain for air!
The water elemental closely misses you.
You take 4 damage, and have 13/23 hp.
You hit the water elemental.
Your lungs strain for air!
The water elemental closely misses you.
You take 2 damage, and have 11/23 hp.
You now have 3/11 mp.
You bite the water elemental!
Your lungs strain for air!
The water elemental misses you.
You take 4 damage, and have 7/23 hp.
You now have 2/11 mp.
You hit the water elemental but do no damage.
* * * LOW HITPOINT WARNING * * *
Your lungs strain for air!
The water elemental misses you.
You take 5 damage, and have 2/23 hp.
MASSIVE DAMAGE!!
You now have 1/11 mp.
A red film seems to cover your vision as you go berserk!
You feel yourself moving faster!
You feel mighty!
You die...

▓▓▓▓▓▓▓▓ ▓▓▓ <..#...####
##.# ...#......## #..#
..##.......# #..#
##.##.##)..# #..###+#+#
##.##.###..# +#..#......
#.####.##).# #...E.⌠....
.###..##..####..s#...###
#.....##.†###....# ⌠.#
###..##...##.....# .#
##..##....#......# #
#..###..##.#.....# #..#
#..#####....# ▓▓▓▓ ▓▓▓▓
▓▓▓▓▓▓


You could see a water elemental.

Vanquished Creatures
  Crazy Yiuf (D)
  Jessica (D)
  A human (D)
  An ooze (D)
  2 rats (D)
6 creatures vanquished.

Vanquished Creatures (others)
  2 draconian scorchers (D)
  6 hellions (D)
  2 plants (D)
10 creatures vanquished.

Grand Total: 16 creatures vanquished

Notes
Turn   | Place    | Note
-------+----------+-------------------------------------------
     0 | D        | Kikal the Vine Stalker Transmuter began the quest for the Orb.
     0 | D        | Reached XP level 1. HP: 9/9 MP: 4/4
    45 | D        | Noticed Jessica
    53 | D        | Killed Jessica
    53 | D        | Reached skill level 4 in Unarmed Combat
    53 | D        | Reached XP level 2. HP: 13/14 MP: 6/8
    53 | D        | Reached XP level 3. HP: 16/17 MP: 6/9
    73 | D        | Learned a level 2 spell: Sticks to Snakes
    77 | D        | Learned a level 3 spell: Spider Form
    80 | D        | Killed a hellion
    82 | D        | Noticed Crazy Yiuf
    91 | D        | Killed a hellion
    95 | D        | Reached skill level 1 in Fighting
    95 | D        | Reached skill level 1 in Poison Magic
   105 | D        | Killed Crazy Yiuf
   105 | D        | Reached skill level 5 in Unarmed Combat
   105 | D        | Gained mutation: Your natural rate of healing is unusually fast. [Vine Stalker growth]
   105 | D        | Reached XP level 4. HP: 17/23 MP: 8/11
   115 | D        | Killed a hellion
   116 | D        | Killed a hellion
   116 | D        | Killed a hellion
   118 | D        | Learned a level 4 spell: Ice Form
   132 | D        | Noticed a water elemental
   134 | D        | Killed a white draconian scorcher
   137 | D        | Killed a hellion
   138 | D        | Killed a white draconian scorcher
   140 | D        | Drowned by a water elemental

Vault maps used:
D:        dungeon_sprint_mu

Skill      XL: |  1  2  3 |
---------------+----------+-----
Spellcasting   | 4 |  4.1
Unarmed Combat | 4 5 |  5.2
Transmutations | 4 |  4.6
Fighting       | 2 |  2.1
Poison Magic   | 3 |  3.1
Dodging        | |  1.5

Action                   |  1- 3 |  4- 6 || total
-------------------------+-------+-------++-------
Melee: Unarmed           |    23 |     5 ||    28
       Kick              |     1 |       ||     1
       Bite              |     1 |       ||     1
 Cast: Beastly Appendage |     3 |       ||     3
       Spider Form       |     1 |     1 ||     2
  Use: Potion            |       |     1 ||     1
 Stab: Sleeping          |     1 |       ||     1
Dodge: Dodged            |    15 |     5 ||    20

Table legend:
 A = Spawn XP
 B = Non-spawn XP
 C = Spawn XP percentage of total XP
 D = Spawn monster count
 E = Non-spawn monster count
 F = Spawn count percentage of total count
 G = Total turns spent on level
                    A         B        C        D         E        F      G
               +---------+---------+-------+---------+---------+-------+---------
         Total |       0 |     113 |   0.0 |       0 |       6 |   0.0 |   140
               +---------+---------+-------+---------+---------+-------+---------
             D |       0 |     113 |   0.0 |       0 |       6 |   0.0 |   140
               +---------+---------+-------+---------+---------+-------+---------
